[ AOE2 MATCH · #481143745 ]
1v1 RMSaracens vs Aztecs
Player's team · LOSS
Rival team · WIN
[ REPLAY ANALYSIS · EXTRACTED FROM THE RECORDED GAME ]
Feudal
9:00
Castle
18:53
Imperial
—
| APM avg | 41.7 |
| APM peak | 69 |
| eAPM avg | 18.8 |
| Villagers / military | 48 / 41 |
Focus
⚔️ 36.9% · 🌾 63.1%
Skirmisher ×10 · Knight ×8 · Archer ×5 · Scorpion ×5 · Scout Cavalry ×4 · Mangonel ×4
Feudal
7:36
Castle
22:11
Imperial
—
| APM avg | 56.6 |
| APM peak | 102 |
| eAPM avg | 35.4 |
| Villagers / military | 70 / 71 |
Focus
⚔️ 18.9% · 🌾 81.1%
Eagle Scout ×33 · Archer ×28 · Militia ×4 · Spearman ×4 · Monk ×2
Match map
Initial resources + every placement click. Lines = walls · curves = elevation contours. ◆ gold · ⬟ stone · ● berries · ✦ relic · ◌ wall gap
Your base· Open — 6t gap
kenner116's base· ✓ Closed at 22:11 · 42t walls · 1 gate(s)
Smoothed initial terrain · ◌ = detected wall gap · hover for details
Inputs per minute
— KKMOBI233 - - kenner116
Build order — KKMOBI233
143 actions detected in the replay
| 0:04 | Create | Villager (Male) |
| 0:05 | Create | Villager (Male) |
| 0:05 | Create | Villager (Male) |
| 0:05 | Create | Villager (Male) |
| 0:13 | Build | Lumber Camp |
| 0:47 | Build | House |
| 0:50 | Create | Villager (Male) |
| 1:15 | Create | Villager (Male) |
| 1:46 | Create | Villager (Male) |
| 1:46 | Create | Villager (Male) |
| 1:53 | Create | Villager (Male) |
| 1:54 | Create | Villager (Male) |
| 2:06 | Build | Mill |
| 2:17 | Create | Villager (Male) |
| 2:17 | Create | Villager (Male) |
| 2:17 | Create | Villager (Male) |
| 2:41 | Build | House |
| 2:46 | Create | Villager (Male) |
| 2:46 | Create | Villager (Male) |
| 2:55 | Create | Villager (Male) |
| 2:56 | Create | Villager (Male) |
| 3:32 | Build | Mining Camp |
| 3:41 | Create | Villager (Male) |
| 3:41 | Create | Villager (Male) |
| 4:07 | Create | Villager (Male) |
| 4:22 | Create | Villager (Male) |
| 4:31 | Create | Villager (Male) |
| 4:36 | Research | Loom |
| 4:41 | Create | Villager (Male) |
| 4:58 | Create | Villager (Male) |
| 5:18 | Create | Villager (Male) |
| 5:58 | Create | Villager (Male) |
| 6:03 | Build | Barracks |
| 6:07 | Build | House |
| 6:23 | Create | Villager (Male) |
| 6:50 | Research | Feudal Age |
| 7:30 | Build | House |
| 7:33 | Create | Villager (Male) |
| 7:34 | Create | Villager (Male) |
| 9:00 | Age | Feudal Age |
| 9:00 | Build | Palisade Wall |
| 9:06 | Build | Palisade Gate |
| 9:11 | Build | Palisade Wall |
| 9:13 | Create | Villager (Male) |
| 9:26 | Build | Stable |
| 9:31 | Build | Archery Range |
| 9:56 | Create | Villager (Male) |
| 10:07 | Build | Archery Range |
| 10:22 | Build | Blacksmith |
| 10:40 | Build | Watch Tower |
| 10:48 | Create | Villager (Male) |
| 11:00 | Build | House |
| 11:01 | Build | House |
| 11:03 | Create | Archer |
| 11:04 | Create | Archer |
| 11:04 | Create | Archer |
| 11:07 | Create | Scout Cavalry |
| 11:07 | Create | Scout Cavalry |
| 11:08 | Create | Scout Cavalry |
| 11:20 | Build | Farm |
| 11:33 | Create | Villager (Male) |
| 11:36 | Build | Farm |
| 12:00 | Build | Farm |
| 12:00 | Build | Farm |
| 12:00 | Build | Farm |
| 12:01 | Build | Farm |
| 12:01 | Build | Farm |
| 12:26 | Build | Farm |
| 12:28 | Build | Farm |
| 12:43 | Build | Farm |
| 13:06 | Build | Farm |
| 13:49 | Create | Villager (Male) |
| 14:06 | Create | Villager (Male) |
| 14:08 | Create | Archer |
| 14:08 | Create | Archer |
| 14:09 | Create | Villager (Male) |
| 14:24 | Create | Villager (Male) |
| 14:32 | Create | Villager (Male) |
| 15:33 | Build | Market |
| 16:13 | Research | Castle Age |
| 16:22 | Build | Mining Camp |
| 16:32 | Research | Gold Mining |
| 16:53 | Research | Double-Bit Axe |
| 16:58 | Create | Skirmisher |
| 16:58 | Create | Skirmisher |
| 16:59 | Create | Skirmisher |
| 16:59 | Create | Skirmisher |
| 17:24 | Create | Skirmisher |
| 17:40 | Create | Scout Cavalry |
| 17:53 | Build | Lumber Camp |
| 18:01 | Build | Palisade Wall |
| 18:32 | Research | Bloodlines |
| 18:38 | Build | Blacksmith |
| 18:53 | Age | Castle Age |
| 19:06 | Create | Knight |
| 19:06 | Create | Knight |
| 19:07 | Create | Knight |
| 19:34 | Research | Elite Skirmisher (upgrade) |
| 20:02 | Create | Skirmisher |
| 20:02 | Create | Skirmisher |
| 20:03 | Create | Skirmisher |
| 20:04 | Create | Skirmisher |
| 20:05 | Create | Skirmisher |
| 20:35 | Build | Siege Workshop |
| 20:54 | Build | House |
| 20:54 | Build | House |
| 20:59 | Build | House |
| 21:29 | Create | Mangonel |
| 21:29 | Create | Scorpion |
| 21:32 | Build | Lumber Camp |
| 21:35 | Create | Villager (Male) |
| 21:36 | Create | Villager (Male) |
| 22:32 | Create | Villager (Male) |
| 22:33 | Create | Villager (Male) |
| 22:38 | Build | Farm |
| 22:52 | Create | Battering Ram |
| 22:57 | Create | Scorpion |
| 23:11 | Build | Monastery |
| 23:46 | Create | Monk |
| 24:02 | Create | Monk |
| 24:04 | Create | Scorpion |
| 24:34 | Create | Scorpion |
| 24:36 | Create | Monk |
| 24:37 | Create | Villager (Male) |
| 24:38 | Create | Villager (Male) |
| 24:55 | Build | Siege Workshop |
| 25:15 | Create | Scorpion |
| 25:31 | Create | Mangonel |
| 26:02 | Create | Mangonel |
| 26:07 | Build | Stable |
| 26:07 | Build | Stable |
| 26:49 | Create | Mangonel |
| 26:53 | Create | Villager (Male) |
| 26:53 | Create | Villager (Male) |
| 26:53 | Create | Villager (Male) |
| 26:56 | Research | Gold Shaft Mining |
| 27:15 | Create | Monk |
| 27:48 | Create | Knight |
| 27:48 | Create | Knight |
| 28:03 | Create | Villager (Male) |
| 28:05 | Create | Knight |
| 28:05 | Create | Knight |
| 28:06 | Create | Knight |
Build order — kenner116
First 150 of 229 actions detected
| 0:01 | Create | Villager (Male) |
| 0:07 | Build | House |
| 0:17 | Create | Villager (Male) |
| 0:17 | Create | Villager (Male) |
| 0:50 | Create | Villager (Male) |
| 0:50 | Create | Villager (Male) |
| 1:00 | Create | Villager (Male) |
| 1:00 | Create | Villager (Male) |
| 1:22 | Create | Villager (Male) |
| 1:22 | Create | Villager (Male) |
| 1:52 | Create | Villager (Male) |
| 1:52 | Create | Villager (Male) |
| 1:53 | Create | Villager (Male) |
| 1:54 | Create | Villager (Male) |
| 1:57 | Build | Lumber Camp |
| 2:46 | Create | Villager (Male) |
| 2:47 | Create | Villager (Male) |
| 2:51 | Build | House |
| 2:57 | Create | Villager (Male) |
| 2:57 | Create | Villager (Male) |
| 2:58 | Create | Villager (Male) |
| 3:32 | Create | Villager (Male) |
| 3:32 | Create | Villager (Male) |
| 3:32 | Create | Villager (Male) |
| 3:33 | Create | Villager (Male) |
| 3:50 | Create | Villager (Male) |
| 3:50 | Create | Villager (Male) |
| 3:50 | Create | Villager (Male) |
| 4:21 | Build | Mill |
| 4:33 | Research | Loom |
| 4:33 | Research | Loom |
| 4:39 | Build | House |
| 5:22 | Research | Feudal Age |
| 5:22 | Research | Feudal Age |
| 6:03 | Build | Mill |
| 6:48 | Build | Barracks |
| 7:10 | Build | Mining Camp |
| 7:21 | Create | Villager (Male) |
| 7:24 | Create | Militia |
| 7:24 | Create | Militia |
| 7:24 | Create | Militia |
| 7:24 | Create | Militia |
| 7:36 | Age | Feudal Age |
| 7:48 | Create | Villager (Male) |
| 8:04 | Build | House |
| 8:07 | Build | House |
| 8:12 | Create | Villager (Male) |
| 8:22 | Research | Man-at-Arms (upgrade) |
| 8:22 | Research | Man-at-Arms (upgrade) |
| 8:34 | Create | Villager (Male) |
| 8:57 | Create | Villager (Male) |
| 8:59 | Build | Farm |
| 9:02 | Build | Farm |
| 9:06 | Research | Double-Bit Axe |
| 9:06 | Research | Double-Bit Axe |
| 9:14 | Research | Horse Collar |
| 9:14 | Research | Horse Collar |
| 9:14 | Research | Horse Collar |
| 9:19 | Build | Farm |
| 9:28 | Create | Villager (Male) |
| 9:31 | Build | Farm |
| 10:03 | Create | Villager (Male) |
| 10:03 | Create | Villager (Male) |
| 10:05 | Build | Farm |
| 10:06 | Build | Farm |
| 10:08 | Build | Farm |
| 10:18 | Create | Villager (Male) |
| 10:48 | Build | Lumber Camp |
| 10:50 | Build | House |
| 10:51 | Build | House |
| 10:53 | Create | Villager (Male) |
| 11:14 | Create | Villager (Male) |
| 11:19 | Create | Villager (Male) |
| 11:27 | Create | Villager (Male) |
| 12:19 | Build | Archery Range |
| 12:24 | Build | Archery Range |
| 12:42 | Create | Villager (Male) |
| 12:48 | Build | Blacksmith |
| 12:55 | Create | Villager (Male) |
| 12:58 | Create | Spearman |
| 12:58 | Create | Spearman |
| 13:10 | Build | House |
| 13:15 | Build | Palisade Wall |
| 13:25 | Create | Spearman |
| 13:25 | Create | Spearman |
| 13:30 | Build | House |
| 13:43 | Create | Archer ×5 |
| 13:44 | Create | Archer ×5 |
| 13:44 | Create | Archer ×5 |
| 13:48 | Build | Palisade Wall |
| 13:49 | Build | Palisade Wall |
| 13:50 | Build | Palisade Wall |
| 13:51 | Build | Palisade Wall |
| 13:52 | Build | Palisade Wall |
| 14:01 | Create | Villager (Male) |
| 14:01 | Create | Villager (Male) |
| 14:24 | Create | Archer ×2 |
| 14:24 | Create | Archer ×2 |
| 14:56 | Create | Villager (Male) |
| 14:57 | Create | Villager (Male) |
| 15:28 | Research | Fletching |
| 15:29 | Research | Fletching |
| 15:30 | Create | Villager (Male) |
| 15:35 | Build | Palisade Wall |
| 15:40 | Build | Palisade Wall |
| 15:42 | Create | Villager (Male) |
| 15:45 | Build | House |
| 15:46 | Build | House |
| 15:47 | Build | Palisade Wall |
| 15:53 | Build | Palisade Wall |
| 15:55 | Create | Villager (Male) |
| 16:02 | Build | Palisade Gate |
| 16:03 | Build | Palisade Wall |
| 16:12 | Create | Archer |
| 16:12 | Create | Archer |
| 16:12 | Create | Archer |
| 16:15 | Create | Villager (Male) |
| 16:24 | Create | Archer |
| 16:24 | Create | Archer |
| 16:31 | Create | Villager (Male) |
| 16:54 | Build | Farm |
| 16:55 | Build | Farm |
| 16:56 | Build | Farm |
| 16:59 | Build | Farm |
| 17:00 | Research | Double-Bit Axe |
| 17:06 | Build | Farm |
| 17:08 | Build | Farm |
| 17:13 | Build | Farm |
| 17:13 | Build | Farm |
| 17:19 | Build | Market |
| 17:24 | Create | Archer ×3 |
| 17:27 | Create | Villager (Male) |
| 17:44 | Build | Farm |
| 17:45 | Build | Farm |
| 17:48 | Build | Farm |
| 17:50 | Build | Farm |
| 17:58 | Research | Wheelbarrow |
| 17:58 | Research | Wheelbarrow |
| 18:02 | Create | Archer |
| 18:29 | Create | Villager (Male) |
| 18:45 | Build | Farm |
| 18:49 | Build | Farm |
| 18:50 | Build | Farm |
| 18:56 | Build | Farm |
| 19:13 | Research | Castle Age |
| 19:13 | Research | Castle Age |
| 19:13 | Research | Castle Age |
| 19:23 | Research | Scale Mail Armor |
| 19:32 | Build | Barracks |
| 19:37 | Create | Eagle Scout |
Match timeline
| 6:03 | KKMOBI233 · first_building Barracks |
| 6:48 | kenner116 · first_building Barracks |
| 7:36 | kenner116 · age_up feudal |
| 9:00 | KKMOBI233 · age_up feudal |
| 9:00 | KKMOBI233 · wall_segment Palisade Wall x1 |
| 9:11 | KKMOBI233 · wall_segment Palisade Wall x1 |
| 9:26 | KKMOBI233 · first_building Stable |
| 9:31 | KKMOBI233 · first_building Archery Range |
| 12:19 | kenner116 · first_building Archery Range |
| 13:15 | kenner116 · wall_segment Palisade Wall x2 |
| 13:48 | kenner116 · wall_segment Palisade Wall x1 |
| 13:49 | kenner116 · wall_segment Palisade Wall x1 |
| 13:50 | kenner116 · wall_segment Palisade Wall x1 |
| 13:51 | kenner116 · wall_segment Palisade Wall x1 |
| 13:52 | kenner116 · wall_segment Palisade Wall x1 |
| 15:35 | kenner116 · wall_segment Palisade Wall x9 |
| 15:40 | kenner116 · wall_segment Palisade Wall x8 |
| 15:47 | kenner116 · wall_segment Palisade Wall x1 |
| 15:53 | kenner116 · wall_segment Palisade Wall x16 |
| 16:03 | kenner116 · wall_segment Palisade Wall x1 |
| 16:12 | KKMOBI233 · first_market_sell 100 wood |
| 18:01 | KKMOBI233 · wall_segment Palisade Wall x7 |
| 18:53 | KKMOBI233 · age_up castle |
| 19:08 | kenner116 · first_market_sell 100 wood |
| 19:09 | kenner116 · first_market_buy 100 food |
| 20:35 | KKMOBI233 · first_building Siege Workshop |
| 22:11 | kenner116 · age_up castle |
| 23:00 | kenner116 · first_building Monastery |
| 23:11 | KKMOBI233 · first_building Monastery |
| 25:19 | kenner116 · first_building Siege Workshop |
| 27:13 | kenner116 · first_building Castle |
| 28:22 | KKMOBI233 · resign |
[ AI ANALYSIS · 1 CREDIT ]
What really happened in this match?
Wolo.gg analyzes every decision: build order, eco, micro, common mistakes by bracket. Personalized analysis on WhatsApp or Discord in 30 seconds.
Civ guide
Saracens
Map guide
QS Runestones
Perfil
KKMOBI233